 Dungeon Crawl Stone Soup version 0.30-a0-1035-g38d5fb2972 (webtiles) character file.

Game seed: 5883173590030027610

1521868 Firecrotchwizard the Ruinous (level 26, 145/173 HPs)
             Began as a Deep Elf Conjurer on Apr 5, 2023.
             Was the Champion of Ashenzari.
             Escaped with the Orb
             ... and 3 runes on Apr 8, 2023!
             The game lasted 06:08:02 (85169 turns).

Firecrotchwizard the Ruinous (Deep Elf Conjurer)   Turns: 85169, Time: 06:08:03

Health: 145/173    AC: 19    Str: 12    XL:     26   Next: 50%
Magic:  17/54      EV: 35    Int: 45    God:    Ashenzari [******]
Gold:   5779       SH: 11    Dex: 23    Spells: 18/76 levels left

rFire   + . .      SeeInvis +    X - staff of conjuration of the Shattered Augur (curse) {Will+ Dex+3, Evo, Comp} (curse)
rCold   . . .      Faith    .    F - +3 buckler "Behold Eternity" {reflect, Self, Elem} (curse)
rNeg    . . .      Spirit   .    z - +2 robe "Gaze Upon Infinity" {Will- Regen+ Dex+2 Archmagi, Self, Cun} (curse)
rPois   +          Reflect  +    i - +2 hat of Toth-Mos's Legacy {Bglg, Comp} (curse)
rElec   .          Rampage  .    l - +4 dragonskin cloak {Evo, Self} (curse)
rCorr   +          Archmagi +    J - +0 pair of gloves of the Distant Henotheism {Comp, Self} (curse)
Will    ++...      Clarity  +    W - +2 pair of boots "Ensconced Frustration" {rF+, Cun, Elem} (curse)
Stlth   ++                       d - amulet of the Unmoving One {Regen+, Self, Evo} (curse)
HPRegen 2.08/turn                I - ring of Cremastomancy {AC+4 Int+5, Self, Evo} (curse)
MPRegen 0.34/turn                w - ring "Vexation of Ashenzari" {rPois rCorr Str+6 Dex+7, Cun, Elem} (curse)

@: hasted, studying 2 skills, very quick
A: clever 2, frail 1
0: Orb of Zot
}: 3/15 runes: decaying, serpentine, silver
a: Renounce Religion, Shatter the Chains


You escaped.
You worshipped Ashenzari.
Ashenzari was exalted by your worship.
You visited 10 branches of the dungeon, and saw 48 of its levels.
You visited 1 bazaar.
You also visited: Trove and Ossuary.

You collected 11184 gold pieces.
You spent 5405 gold pieces at shops.

Inventory:

Missiles
 K - 3 throwing nets {@!f}
Armour
 i - the cursed +2 hat of Toth-Mos's Legacy (worn) {Bglg, Comp}
   (You found it on level 5 of the Lair of Beasts)

   It has a curse which improves the following skills: Beguiling: Conjurations,
   Hexes and Translocations.
   Companions: Summonings and Necromancy.
 l - the cursed +4 dragonskin cloak (worn) {Evo, Self}
   (You took it off Tiamat on level 1 of the Realm of Zot)

   Avatar's Aegis: It grants the wearer a chance to resist fire, cold, poison,
   electricity, acid, and negative energy.
   It has a curse which improves the following skills: Evocations: Evocations.
   Introspection: Fighting and Spellcasting.
 z - the cursed +2 robe "Gaze Upon Infinity" (worn) {Will- Regen+ Dex+2 Archmagi, Self, Cun}
   (You found it on level 4 of the Dungeon)

   Dex:       It affects your dexterity (+2).
   Regen:     It increases your rate of health regeneration.
   Archmagi:  It increases the power of your magical spells.
   Will:      It decreases your willpower.
   It has a curse which improves the following skills: Introspection: Fighting
   and Spellcasting.
   Cunning:   Dodging and Stealth.
 F - the cursed +3 buckler "Behold Eternity" (worn) {reflect, Self, Elem}
   (You bought it in a shop in a bazaar)

   It has a curse which improves the following skills: Introspection: Fighting
   and Spellcasting.
   Elements:  Fire Magic, Ice Magic, Air Magic and Earth Magic.
 J - the cursed +0 pair of gloves of the Distant Henotheism (worn) {Comp, Self}
   (You found it on level 9 of the Dungeon)

   It has a curse which improves the following skills: Companions: Summonings
   and Necromancy.
   Introspection: Fighting and Spellcasting.
 W - the cursed +2 pair of boots "Ensconced Frustration" (worn) {rF+, Cun, Elem}
   (You bought it in a shop on level 15 of the Dungeon)

   It has a curse which improves the following skills: Cunning: Dodging and
   Stealth.
   Elements:  Fire Magic, Ice Magic, Air Magic and Earth Magic.
Magical Staves
 X - the cursed staff of conjuration of the Shattered Augur (weapon) {Will+ Dex+3, Evo, Comp}
   (You acquired it on level 11 of the Dungeon)

   [staff of conjuration]

   Base accuracy: +5 Base damage: 5 Base attack delay: 1.2 This weapon's minimum
   attack delay (0.6) is reached at skill level 12.
   Dex:       It affects your dexterity (+3).
   Will:      It increases your willpower.
   It falls into the 'Staves' category.
   It is a one-handed weapon.
   It has a curse which improves the following skills: Evocations: Evocations.
   Companions: Summonings and Necromancy.
Jewellery
 d - the cursed amulet of the Unmoving One (around neck) {Regen+, Self, Evo}
   (You found it on level 10 of the Dungeon)

   [amulet of regeneration]

   Regen:     It increases your rate of health regeneration.
   It has a curse which improves the following skills: Introspection: Fighting
   and Spellcasting.
   Evocations: Evocations.
 o - a ring of flight
 w - the cursed ring "Vexation of Ashenzari" (right hand) {rPois rCorr Str+6 Dex+7, Cun, Elem}
   (You found it in a treasure trove)

   [ring of strength]

   Str:       It affects your strength (+6).
   Dex:       It affects your dexterity (+7).
   rPois:     It protects you from poison.
   rCorr:     It protects you from acid and corrosion.
   It has a curse which improves the following skills: Cunning: Dodging and
   Stealth.
   Elements:  Fire Magic, Ice Magic, Air Magic and Earth Magic.
 E - a ring of willpower
 I - the cursed ring of Cremastomancy (left hand) {AC+4 Int+5, Self, Evo}
   (You found it in a treasure trove)

   [ring of protection]

   AC:        It affects your AC (+4).
   Int:       It affects your intelligence (+5).
   It has a curse which improves the following skills: Introspection: Fighting
   and Spellcasting.
   Evocations: Evocations.
 R - the amulet "Kemp" {RegenMP Rampage}
   (You took it off a vault sentinel on level 3 of the Vaults)

   [amulet of magic regeneration]

   It increases your rate of magic regeneration.
   Rampage:   It bestows one free step when moving towards enemies.
 S - a ring of protection from fire
 U - a ring of protection from cold
 Y - a ring of protection from fire
 Z - a ring of wizardry
Wands
 a - a wand of charming (41)
 c - a wand of digging (11)
 k - a wand of flame (48)
 n - a wand of mindburst (34)
 s - a wand of polymorph (19)
 D - a wand of roots (24)
 T - a wand of light (4)
Scrolls
 e - 16 scrolls of poison
 f - 5 scrolls of fog
 g - 7 scrolls of blinking
 m - 4 scrolls of enchant armour
 p - 7 scrolls of vulnerability
 t - 10 scrolls of teleportation
 x - 11 scrolls of fear
 y - 9 scrolls of silence
 H - 14 scrolls of magic mapping
 M - 6 scrolls of amnesia
 O - 4 scrolls of summoning
 Q - 11 scrolls of immolation
Potions
 h - a potion of resistance
 j - 6 potions of haste
 q - 6 potions of heal wounds
 r - 26 potions of curing
 A - 5 potions of brilliance
 G - 6 potions of cancellation
 L - 6 potions of mutation
 N - 2 potions of invisibility
 P - 10 potions of flight
Miscellaneous
 u - a tin of tremorstones (2/2)
 v - a phantom mirror (inert)
 B - a box of beasts
 C - a lightning rod (4/4)
 V - a condenser vane


   Skills:
 + Level 19.8(27) Fighting
 - Level 24.3(27) Dodging
 - Level 7.1(11.8) Stealth
 + Level 11.7 Shields
 - Level 18.6(25.9) Spellcasting
 - Level 24.5(26.5) Conjurations
 - Level 5.0(7.3) Hexes
 - Level 4.1(6.4) Translocations
 - Level 16.0(20.6) Earth Magic
 - Level 23.4(27) Evocations


You had 18 spell levels left.
You knew the following spells:

 Your Spells              Type           Power      Damage    Failure   Level
a - Magic Dart            Conj           100%       1d8       0%          1
b - Searing Ray           Conj           100%       2d8       0%          2
c - Fulminant Prism       Conj/Hex       84%        3d33      0%          4
d - Iskenderun's Mystic   Conj/Tloc      100%       2d19      0%          4
e - Dazzling Flash        Conj/Hex       100%       N/A       0%          3
f - Apportation           Tloc           100%       N/A       1%          1
g - Teleport Other        Tloc           100%       N/A       1%          3
h - Passage of Golubria   Tloc           100%       N/A       1%          4
i - Lehudib's Crystal Sp  Conj/Erth      93%        10d20     1%          8
j - Freezing Cloud        Conj/Ice/Air   72%        6-21      1%          5
k - Flame Wave            Conj/Fire      100%       2d21      0%          4
l - Statue Form           Tmut/Erth      82%        N/A       1%          6
m - Blink                 Tloc           100%       N/A       1%          2
n - Shatter               Erth           76%        3d55*     6%          9
o - Passwall              Tmut/Erth      100%       N/A       0%          2

Your spell library contained the following spells:

 Spells                   Type           Power      Damage    Failure   Level
 Kiss of Death            Conj/Necr      100%       2d13      0%          1
 Sandblast                Erth           100%       2d20      0%          1
 Shock                    Conj/Air       100%       1d9       0%          1
 Momentum Strike          Conj/Tloc      100%       3d10      0%          2
 Static Discharge         Conj/Air       100%       2-7/arc   0%          2
 Hailstorm                Conj/Ice       100%       3d20      0%          3
 Stone Arrow              Conj/Erth      100%       3d13      0%          3
 Sticky Flame             Conj/Fire      100%       2d11      0%          4
 Freeze                   Ice            100%       1d10      1%          1
 Necrotise                Necr           100%       1d9       1%          1
 Sting                    Tmut/Pois      100%       1d8       1%          1
 Summon Small Mammal      Summ           100%       N/A       1%          1
 Call Imp                 Summ           100%       N/A       1%          2
 Ensorcelled Hibernation  Hex/Ice        100%       N/A       1%          2
 Lesser Beckoning         Tloc           100%       N/A       1%          2
 Poisonous Vapours        Pois/Air       100%       N/A       1%          2
 Scorch                   Fire           100%       2d9       1%          2
 Confusing Touch          Hex            100%       N/A       1%          3
 Frozen Ramparts          Ice            100%       1d16      1%          3
 Gell's Gravitas          Tloc           100%       N/A       1%          3
 Ignite Poison            Fire/Tmut/Pois 74%        N/A       1%          3
 Ozocubu's Armour         Ice            77%        N/A       1%          3
 Portal Projectile        Hex/Tloc       100%       N/A       1%          3
 Spider Form              Tmut/Pois      72%        N/A       1%          3
 Swiftness                Air            77%        N/A       1%          3
 Tukima's Dance           Hex            100%       N/A       1%          3
 Vampiric Draining        Necr           77%        2d11      1%          3
 Volatile Blastmotes      Fire/Tloc      100%       2d18      1%          3
 Anguish                  Hex/Necr       48%        N/A       1%          4
 Cause Fear               Hex            56%        N/A       1%          4
 Petrify                  Tmut/Erth      100%       N/A       1%          4
 Borgnjor's Vile Clutch   Necr/Erth      62%        N/A       1%          5
 Irradiate                Conj/Tmut      79%        3d38      1%          5
 Metabolic Englaciation   Hex/Ice        48%        N/A       1%          5
 Silence                  Hex/Air        48%        N/A       1%          5
 Summon Forest            Summ/Tloc      47%        N/A       1%          5
 Summon Mana Viper        Hex/Summ       97%        N/A       1%          5
 Yara's Violent Unravell  Hex/Tmut       47%        3d18      1%          5
 Conjure Ball Lightning   Conj/Air       79%        3x3d30    1%          6
 Airstrike                Air            38%        2d(6-22)  2%          4
 Animate Dead             Necr           77%        N/A       2%          4
 Dispel Undead            Necr           77%        3d25      2%          4
 Ice Form                 Ice/Tmut       75%        N/A       2%          4
 Summon Ice Beast         Ice/Summ       77%        N/A       2%          4
 Summon Lightning Spire   Summ/Air       77%        N/A       2%          4
 Olgreb's Toxic Radiance  Pois           72%        N/A       3%          4
 Dispersal                Tloc           54%        N/A       3%          6
 Agony                    Necr           77%        N/A       6%          5
 Alistair's Intoxication  Tmut/Pois      48%        N/A       9%          5
 Blade Hands              Tmut           36%        N/A       9%          5
 Simulacrum               Ice/Necr       38%        N/A       32%         6
 Summon Cactus Giant      Summ           38%        N/A       32%         6
 Eringya's Noxious Bog    Tmut/Pois      36%        N/A       41%         6
 Discord                  Hex            56%        N/A       67%         8
 Chain Lightning          Conj/Air       79%        3d106     73%         9
 Fire Storm               Conj/Fire      79%        8d20      73%         9
 Disjunction              Tloc           54%        N/A       80%         8
 Haunt                    Necr/Summ      38%        N/A       88%         7
 Monstrous Menagerie      Summ           38%        N/A       88%         7
 Ozocubu's Refrigeration  Ice            38%        4d16      88%         7
 Summon Hydra             Summ           38%        N/A       88%         7
 Dragon Form              Tmut           36%        N/A       94%         7
 Borgnjor's Revivificati  Necr           38%        N/A       100%        8
 Ignition                 Fire           38%        3d11      100%        8
 Infestation              Necr           38%        N/A       100%        8
 Necromutation            Tmut/Necr      37%        N/A       100%        8
 Death's Door             Necr           38%        N/A       100%        9
 Dragon's Call            Summ           38%        N/A       100%        9
 Polar Vortex             Ice            38%        N/A       100%        9


Dungeon Overview and Level Annotations

Branches:
Dungeon (15/15)            Temple (1/1) D:4            Lair (5/5) D:10
  Swamp (4/4) Lair:3        Snake (4/4) Lair:2        Slime (0/5) Lair:5
    Orc (2/2) D:11            Elf (3/3) Orc:2        Vaults (5/5) D:14
  Crypt (0/3) Vaults:3     Depths (4/4) D:15            Zot (5/5) Depths:4
Ossuary (visited)

Altars:
Ashenzari
Cheibriados
Dithmenos
Elyvilon
Gozag
Hepliaklqana
Kikubaaqudgha
Okawaru
Qazlal
Ru
Sif Muna
Trog
Uskayaw
Xom
The Shining One

Shops:
D:3 !   D:15 *   Orc:1 (   Orc:2 ([*[   Elf:3 :=[[:*   Snake:1 =   Snake:2 (
Vaults:4 =((?:   Depths:2 :

Portals:
Hell: Depths:1 Depths:2 Depths:3 Depths:4
Abyss: Depths:1 Depths:2
Pandemonium: Depths:2
Ziggurat: Depths:4
Bazaar: Elf:1

Annotations:
D:2 Sigmund
D:3 Grinder
Swamp:3 2 runed translucent doors, Zuvatino's ghost, adept MiFi
Zot:4 exclusion: 2 upstairs
Zot:5 exclusions: 2 upstairs and 1 more exclusion


Innate Abilities, Weirdness & Mutations

Your mind is very acute. (Int +8, Str/Dex -2)
You are frail. (-10% HP)


Message History

Aim: Zemah (moderately wounded, 59% to hit)
You feel a strong surge of power!
The crystal spear misses Zemah.
Zemah hits you but does no damage.
A hell beast comes into view.
Casting: Lehudib's Crystal Spear (mildly dangerous; 1% risk of failure)
Confirm with . or Enter, or press ? or * to list all spells.
Aiming: Lehudib's Crystal Spear (mildly dangerous; 1% risk of failure)
Press: ? - help, Shift-Dir - straight line, f/p - Zemah
Aim: Zemah (moderately wounded, 59% to hit)
You feel a strong surge of power!
The crystal spear misses Zemah.
Zemah gestures.
Casting: Lehudib's Crystal Spear (mildly dangerous; 1% risk of failure)
Confirm with . or Enter, or press ? or * to list all spells.
You feel a surge of power!
The dungeon rumbles!
Zemah is moderately wounded.
You kill the hell beast!
The floating eye is heavily wounded.
You kill the golden eye!
The golden eye disappears in a puff of smoke!
Ka-crash!
* * * LOW MAGIC WARNING * * *
The floating eye's stare focuses on you.
You block Zemah's attack.
Casting: Shatter (dangerous; 6% risk of failure)
Confirm with . or Enter, or press ? or * to list all spells.
You feel a surge of power!
The dungeon rumbles!
Zemah is heavily wounded.
You kill the floating eye!
The floating eye disappears in a puff of smoke!
Ka-crash!
* * * LOW MAGIC WARNING * * *
You block Zemah's attack.
Casting: Shatter (dangerous; 6% risk of failure)
Confirm with . or Enter, or press ? or * to list all spells.
Aiming: Lehudib's Crystal Spear (mildly dangerous; 1% risk of failure)
Press: ? - help, Shift-Dir - straight line, f/p - Zemah
Aim: Zemah (heavily wounded, 59% to hit)
You feel a strong surge of power!
The crystal spear misses Zemah.
* * * LOW MAGIC WARNING * * *
The golden eye blinks at you. You resist with almost no effort.
Zemah gestures at you. The bolt of fire misses you.
Casting: Lehudib's Crystal Spear (mildly dangerous; 1% risk of failure)
Confirm with . or Enter, or press ? or * to list all spells.
You don't have enough magic to cast this spell.
Unknown command.
Aiming: Phantom Mirror
Press: ? - help, Dir - move target, f/p - Zemah
Aim: Zemah (heavily wounded)
You reflect Zemah with the mirror!
The mirror clouds!
The golden eye blinks!
You block Zemah's attack.
Zemah gestures.
Magic courses through your body.
The golden eye blinks!
You block Zemah's attack.
Okay, then.
You feel yourself speed up.
Zemah completely misses Zemah.
You block Zemah's attack.
An Ice Fiend comes into view.
You swap places.
The golden eye blinks at you. You resist with almost no effort.
Your golden eye blinks at Zemah.
Zemah resists with almost no effort.
The Ice Fiend moves out of view.
You miss the golden eye. The golden eye blinks at you.
You resist with almost no effort. Zemah gestures at you.
The bolt of fire hits you! You resist. The bolt of fire hits your golden eye!!
Your golden eye dies!
Your golden eye disappears in a puff of smoke!
Zemah hits Zemah but does no damage.
Unknown command.
Zemah hits you!!
Zemah misses Zemah.
You see here 3 boomerangs.
The golden eye blinks at you. You resist with almost no effort.
Zemah gestures at you.
The bolt of fire hits your shining eye!!!
The bolt of fire misses you.
Zemah hits Zemah but does no damage.
Your shining eye gazes at Zemah.
Zemah twists and deforms.
The golden eye blinks at you. You resist with almost no effort.
There is a staircase leading out of the dungeon here.
Casting: Lehudib's Crystal Spear (mildly dangerous; 1% risk of failure)
Confirm with . or Enter, or press ? or * to list all spells.
Aiming: Lehudib's Crystal Spear (mildly dangerous; 1% risk of failure)
Press: ? - help, Shift-Dir - straight line, f - golden eye
Aim: a golden eye (summoned, ally target, 70% to hit)
You feel a strong surge of power!
The crystal spear hits the golden eye!!!!
You kill the golden eye!
The golden eye disappears in a puff of smoke!
* * * LOW MAGIC WARNING * * *
Zemah gestures at the Ice Fiend.
The bolt of fire hits the Ice Fiend!!!
The Ice Fiend is burned terribly!
You have escaped!

........#####......##..##.....#
.......## ##..........####....#
.##...## ##.........1..# ##..##
......# ##....#G{.......# #..#
.##...# #...##.&&##.....# #..#
.##..####......(....##..####.#
.###.# #......GG##...#...# #.#
.###.# #..#..#.....#.##..# #.#
.#...# #..#...#.@.##.##..# #.#
.....# #...#.#....##.##..# #.#
..#..# #........'##..#...# #.#
..##.####..##.......##..####.##
..##..# #...#########...# #...#
..##..# ##....#####....## #...#
...#..## ##...........## ##...#
.#.#...## ###.......### ##....#
.#......########.########.....#


You could see an Ice Fiend (ally target), a floating eye (summoned, ally
target), a golden eye (summoned, wandering), the friendly Zemah (summoned,
drained) and a friendly shining eye (summoned).

Vanquished Creatures
  Tiamat (Zot:1)
  3 orbs of fire (Zot:5)
  Mara (Swamp:3)
  A dread lich (Zot:5)
  10 ancient liches
  A juggernaut (Depths:3)
  Sojobo (Depths:3)
  Frederick (Depths:3)
  6 Killer Klowns (Zot:5)
  Xtahua (Depths:3)
  Vashnia (Snake:2)
  Saint Roka (Vaults:4)
  Bai Suzhen (Swamp:3)
  3 curse toes
  16 golden dragons
  3 electric golems
  15 tentacled monstrosities
  A walking crystal tome (Depths:4)
  23 Orb Guardians
  Mlioglotl (Snake:2)
  5 liches
  6 titans
  3 deep elf blademasters
  2 deep elf master archers (Elf:3)
  12 death cobs
  3 Executioners
  4 quicksilver dragons
  Frances (Snake:1)
  3 thorn hunters (Swamp:4)
  10 tengu reavers
  9 shadow dragons
  9 storm dragons
  8 sphinxes
  Roxanne (Snake:3)
  9 draconian knights
  3 nagarajas (Snake:4)
  Donald (Vaults:4)
  6 fire giants
  4 fenstrider witches (Swamp:3)
  9 draconian monks
  A balrug (Depths:3)
  5 frost giants
  Aizul (Snake:3)
  17 vault wardens
  5 deep elf sorcerers
  3 iron dragons
  Louise (Depths:1)
  3 ghost moths
  3 orc warlords
  9 draconian scorchers
  25 ironbound preservers
  A ghost moth (shapeshifter) (Vaults:4)
  3 draconian stormcallers
  2 deep elf elementalists (Elf:3)
  5 draconian shifters
  2 spriggan defenders
  A quicksilver ooze (shapeshifter) (Vaults:5)
  2 draconian annihilators (Zot:1)
  6 war gargoyles
  7 ironbound thunderhulks
  19 very ugly things
  3 eleionomae
  5 vampire knights
  13 green draconians
  A lorocyproca (D:4)
  17 stone giants
  20 black draconians
  23 red draconians
  10 yellow draconians
  3 bunyips
  10 deep elf demonologists
  21 purple draconians
  13 white draconians
  19 dire elephants
  3 spark wasps (Depths:4)
  8 deep elf annihilators
  A merfolk javelineer (Depths:2)
  11 ettins
  A crystal guardian (Vaults:4)
  3 deep elf death magi (Elf:3)
  2 green deaths
  12 fire dragons
  6 great orbs of eyes
  2 deep elf high priests
  A shambling mangrove (Swamp:1)
  Josephine (Orc:1)
  20 yaktaur captains
  4 rakshasas
  44 vault guards
  2 catoblepae
  9 ice dragons
  A hell beast (D:1)
  3 peacekeepers
  2 salamander tyrants (Snake:4)
  16 hydras
  An ogre mage (Vaults:5)
  6 centaur warriors
  11 ironbound frosthearts
  3 spriggan air magi
  4 two-headed ogres
  2 ghost crabs
  9 anacondas
  5 deep troll shamans
  8 deep troll earth magi
  2 tengu warriors
  11 alligators
  4 death yaks
  23 dancing weapons
  6 boulder beetles
  12 naga sharpshooters
  18 naga warriors
  A vampire mage (Depths:3)
  A titan zombie (Vaults:2)
  3 shock serpents
  9 spriggan berserkers
  15 spriggans
  A hell knight (Vaults:4)
  A soul eater (Depths:2)
  Nergalle (Lair:1)
  27 deep elf knights
  3 salamander mystics
  3 skeletal warriors
  2 shadow wraiths
  A fire crab (Lair:3)
  8 iron trolls
  6 naga ritualists
  4 glowing orange brains
  3 goliath frogs
  6 bog bodies
  12 swamp dragons
  78 deep trolls
  2 flayed ghosts
  4 phantasmal warriors
  7 lindwurms
  6 spriggan druids
  12 wizards
  21 deep elf archers
  19 ironbound convokers
  36 deep elf pyromancers
  5 harpies (Vaults:3)
  8 orc knights
  A will-o-the-wisp (Swamp:4)
  32 deep elf zephyrmancers
  2 wolf spiders (Lair:5)
  3 necromancers
  A frost giant zombie (Vaults:2)
  56 ugly things
  10 mana vipers
  A wolf spider (shapeshifter) (Vaults:5)
  11 cyclopes
  21 salamanders
  3 orc sorcerers
  25 moths of wrath
  40 black mambas
  2 manticores
  Joseph (D:6)
  8 elephants
  2 rust devils
  22 naga magi
  10 guardian serpents
  17 vault sentinels
  2 smoke demons (Depths:3)
  A gargoyle (D:12)
  13 cane toads
  An unseen horror (D:11)
  13 komodo dragons
  4 tengu conjurers
  3 efreet
  2 freezing wraiths
  An ice devil (D:1)
  5 rime drakes
  A human zombie (Vaults:2)
  29 yaktaurs
  A troll (shapeshifter) (D:14)
  A queen bee (D:9)
  A bloated husk (Swamp:2)
  A wind drake (shapeshifter) (D:15)
  A meliai (shapeshifter) (Elf:1)
  6 trolls
  12 polar bears
  6 meliai
  A polar bear (shapeshifter) (Vaults:5)
  9 tyrant leeches
  5 raiju (Lair:5)
  18 hornets
  3 dream sheep
  22 blink frogs
  A dream sheep (shapeshifter) (Vaults:4)
  24 slime creatures
  A jumping spider (shapeshifter) (Depths:1)
  A centaur simulacrum (D:14)
  60 yaks
  14 water elementals
  2 vampires
  A spriggan (shapeshifter) (D:14)
  Eustachio (D:5)
  7 wyverns
  8 wraiths
  A human (shapeshifter) (Elf:3)
  5 shadows
  3 basilisks
  A chaos spawn (Depths:2)
  2 fire elementals
  4 neqoxecs (Depths:2)
  2 steam dragons
  4 redbacks (Lair:5)
  A glowing shapeshifter zombie (Vaults:2)
  41 nagas
  17 swamp worms
  5 wargs
  12 hell hounds (Lair:5)
  28 water moccasins
  2 floating eyes
  16 swamp drakes
  25 orc warriors
  3 ice beasts
  A sky beast (D:7)
  5 boggarts (D:15)
  11 black bears (Lair:5)
  12 centaurs
  20 wolves
  8 ogres
  5 kobold brigands
  4 phantoms
  12 bullfrogs
  2 gnoll sergeants
  6 earth elementals
  4 scorpions
  7 wights (D:10)
  A scorpion (shapeshifter) (Depths:3)
  46 killer bees
  A troll zombie (D:11)
  7 howler monkeys
  2 hounds
  4 jellies (Lair:5)
  A gnoll bouda (Lair:5)
  19 orc priests
  An iron imp (D:5)
  3 sleepcaps
  3 iguanas
  23 orc wizards
  7 ogre zombies (D:11)
  9 mummies
  Robin (D:3)
  11 gnolls
  6 adders
  4 river rats (D:10)
  3 white imps
  An ufetubus (D:6)
  A dart slug (D:2)
  74 orcs
  7 endoplasms
  A giant cockroach (D:5)
  18 goblins
  8 hobgoblins
  6 jackals (D:1)
  16 kobolds
  6 quokkas
  7 ball pythons
  3 bats
  2 frilled lizards (D:2)
  2 goblin skeletons (D:11)
  A hobgoblin skeleton (D:11)
  9 hobgoblin zombies
  3 kobold zombies
  5 orc skeletons (D:11)
  15 orc zombies
  6 rats
  2 fulminant prisms
2224 creatures vanquished.

Vanquished Creatures (collateral kills)
  4 Orb Guardians (Zot:5)
  A salamander tyrant (Snake:4)
  2 salamanders (Snake:4)
  A black mamba (Snake:4)
8 creatures vanquished.

Vanquished Creatures (others)
  A fire giant (Depths:3)
  A hydra (Swamp:2)
  A deep troll earth mage (Depths:1)
  A tengu warrior (Depths:1)
  A spriggan berserker (Swamp:3)
  A deep elf knight (Elf:2)
  2 lindwurms
  A deep elf zephyrmancer (Elf:3)
  An ugly thing (Depths:1)
  A black mamba (Lair:3)
  A bloated husk (Swamp:3)
  A hornet (Depths:2)
  A slime creature (Vaults:1)
  A golden eye (shapeshifter) (D:14)
  2 wargs
  An orc (Vaults:5)
  A bush (D:8)
  3 foxfires (Swamp:4)
  933 fulminant prisms
  37 fungi
  89 plants
1081 creatures vanquished.

Grand Total: 3313 creatures vanquished

Notes
Turn   | Place    | Note
-------+----------+-------------------------------------------
     0 | D:1      | Firecrotchwizard the Deep Elf Conjurer began the quest for
                  | the Orb.
     0 | D:1      | Reached XP level 1. HP: 10/10 MP: 6/6
   308 | D:1      | Found a faded altar of an unknown god.
   317 | D:1      | Reached XP level 2. HP: 15/15 MP: 4/8
   746 | D:1      | Learned a level 2 spell: Searing Ray
   964 | D:2      | Reached skill level 5 in Conjurations
  1014 | D:2      | Noticed Sigmund
  1169 | D:2      | Reached XP level 3. HP: 19/19 MP: 8/10
  2199 | D:3      | Noticed Robin
  2413 | D:3      | Killed Robin
  2564 | D:3      | Reached XP level 4. HP: 24/24 MP: 8/12
  2617 | D:3      | Found Eheusch's Distillery.
  2650 | D:3      | Bought a potion of heal wounds for 65 gold pieces
  2650 | D:3      | Bought a potion of curing for 39 gold pieces
  2879 | D:3      | Noticed Grinder
  2899 | D:3      | Learned a level 4 spell: Fulminant Prism
  2904 | D:3      | Learned a level 4 spell: Iskenderun's Mystic Blast
  2963 | D:3      | Found an ancient bone altar of Kikubaaqudgha.
  3132 | D:3      | Reached skill level 5 in Spellcasting
  3132 | D:3      | Reached skill level 1 in Hexes
  3508 | D:4      | Reached skill level 1 in Translocations
  3534 | D:4      | Reached XP level 5. HP: 28/28 MP: 14/14
  3568 | D:4      | Found an opulent altar of Gozag.
  3651 | D:4      | Found a staircase to the Ecumenical Temple.
  3662 | Temple   | Entered the Ecumenical Temple
  3667 | Temple   | Became a worshipper of Ashenzari the Shackled
  3900 | D:4      | Identified the +2 robe of Aqiu {Will- Regen+ Dex+2
                  | Archmagi}
  3981 | D:4      | Found a hazy altar of Hepliaklqana.
  4124 | D:4      | Reached XP level 6. HP: 32/32 MP: 10/16
  4212 | D:5      | Entered Level 5 of the Dungeon
  4610 | D:5      | Found a glowing golden altar of the Shining One.
  4768 | D:5      | Noticed an ice beast
  4775 | D:5      | Killed an ice beast
  4776 | D:5      | Reached XP level 7. HP: 36/36 MP: 10/18
  4983 | D:5      | Found an iron altar of Okawaru.
  5012 | D:5      | Noticed a steam dragon
  5016 | D:5      | Killed a steam dragon
  5139 | D:5      | Found a sacrificial altar of Ru.
  5242 | D:5      | Found a snail-covered altar of Cheibriados.
  5514 | D:6      | Noticed Eustachio
  5548 | D:6      | Noticed a steam dragon
  5629 | D:5      | Reached XP level 8. HP: 41/41 MP: 16/20
  5646 | D:5      | Killed Eustachio
  5726 | D:6      | Reached skill level 5 in Hexes
  5918 | D:6      | Learned a level 3 spell: Dazzling Flash
  5925 | D:6      | Reached skill level 1 in Fighting
  5925 | D:6      | Reached skill level 10 in Conjurations
  6260 | D:6      | Found a sand-covered staircase.
  6267 | Ossuary  | Entered an ossuary
  6337 | Ossuary  | Reached XP level 9. HP: 47/47 MP: 2/23
  6859 | D:7      | Noticed Joseph
  6874 | D:6      | Killed Joseph
  7215 | D:7      | Reached skill level 5 in Dodging
  7363 | D:7      | Found a hide-covered altar of Uskayaw.
  8088 | D:7      | Found a shimmering blue altar of Sif Muna.
  8298 | D:8      | Found a stormy altar of Qazlal.
  8356 | D:8      | Reached * piety under Ashenzari
  8373 | D:8      | Reached XP level 10. HP: 59/59 MP: 4/25
  9190 | D:8      | Reached ** piety under Ashenzari
  9517 | D:9      | Reached skill level 5 in Fighting
  9929 | D:9      | Found a shimmering altar of Xom.
 10433 | D:10     | Entered Level 10 of the Dungeon
 10575 | D:10     | Reached skill level 10 in Dodging
 10575 | D:10     | Reached XP level 11. HP: 69/69 MP: 16/27
 10738 | D:10     | Found a flagged portal.
 10987 | D:10     | Noticed a death yak
 10999 | D:10     | Killed a death yak
 11128 | D:10     | Noticed a death yak
 11132 | D:10     | Noticed a death yak
 11136 | D:10     | Killed a death yak
 11174 | D:10     | Killed a death yak
 11503 | D:10     | Found a staircase to the Lair.
 11812 | Lair:1   | Entered Level 1 of the Lair of Beasts
 12507 | Lair:1   | Noticed Nergalle
 12516 | Lair:1   | Killed Nergalle
 12712 | Lair:1   | Identified the +0 leather armour of the Apprentice {Rampage
                  | rElec rF+ MP-9}
 13017 | Lair:1   | Reached *** piety under Ashenzari
 13235 | Lair:1   | Reached XP level 12. HP: 82/82 MP: 19/29
 13868 | Lair:2   | Reached skill level 10 in Fighting
 13870 | Lair:2   | Noticed a four-headed hydra
 13877 | Lair:2   | Killed a four-headed hydra
 14864 | Lair:2   | Found a staircase to the Snake Pit.
 15461 | Lair:3   | Reached skill level 10 in Spellcasting
 15740 | Lair:3   | Reached XP level 13. HP: 90/90 MP: 12/33
 16077 | Lair:2   | Reached skill level 5 in Stealth
 16170 | Lair:2   | Upgraded the game from 0.30-a0-996-ga6910c8ee8 to
                  | 0.30-a0-1008-g30c9307041
 16237 | Lair:3   | Learned a level 1 spell: Apportation
 16241 | Lair:3   | Learned a level 3 spell: Teleport Other
 17075 | Lair:3   | Found a staircase to the Swamp.
 18020 | Lair:4   | Reached skill level 1 in Evocations
 18417 | Lair:5   | Entered Level 5 of the Lair of Beasts
 18563 | Lair:5   | Reached skill level 15 in Dodging
 19144 | Lair:5   | Learned a level 4 spell: Passage of Golubria
 19929 | Lair:5   | Reached **** piety under Ashenzari
 19948 | Lair:5   | Identified the Disquisition on Generative Trauma
 19971 | Lair:5   | Learned a level 8 spell: Lehudib's Crystal Spear
 20020 | Lair:5   | Reached skill level 1 in Earth Magic
 20242 | Lair:5   | Found a staircase to the Slime Pits.
 20313 | Lair:5   | Reached XP level 14. HP: 96/98 MP: 28/37
 21916 | Lair:5   | Reached skill level 5 in Earth Magic
 23174 | D:11     | Found a staircase to the Orcish Mines.
 23721 | D:11     | Identified a scroll of acquirement
 23735 | D:11     | Acquired the staff of conjuration "Rimnunt" {Will+ Dex+3}
 26029 | D:13     | Identified the +1 robe of Kleptomania {Int+4 Dex+3 Stlth+}
 26082 | D:13     | Reached skill level 5 in Evocations
 26284 | D:13     | Reached skill level 15 in Spellcasting
 26378 | Orc:1    | Entered Level 1 of the Orcish Mines
 26511 | Orc:1    | Found Solehur's Weapon Emporium.
 26641 | Orc:1    | Found a bloodstained altar of Trog.
 26831 | Orc:2    | Entered Level 2 of the Orcish Mines
 27289 | Orc:2    | Found a frozen archway.
 27344 | Orc:2    | Reached XP level 15. HP: 104/104 MP: 25/40
 28021 | Orc:2    | Found Logruly's Assorted Antiques.
 28027 | Orc:2    | Bought a long bone wand for 124 gold pieces
 28027 | Orc:2    | Bought a potion of heal wounds for 155 gold pieces
 28027 | Orc:2    | Bought a scroll of teleportation for 93 gold pieces
 28344 | Orc:2    | Found a staircase to the Elven Halls.
 28413 | Orc:2    | Found Erutie's Antique Armour Boutique.
 28681 | Orc:2    | Found Qitoim's Antique Weapon Shop.
 28683 | Orc:2    | Found Voejer's Antique Armour Boutique.
 28796 | Orc:1    | Noticed Josephine
 28802 | Orc:1    | Killed Josephine
 29594 | D:14     | Reached skill level 10 in Earth Magic
 30128 | Swamp:1  | Entered Level 1 of the Swamp
 30201 | Lair:3   | Learned a level 5 spell: Freezing Cloud
 30245 | Lair:3   | Learned a level 4 spell: Flame Wave
 32187 | Swamp:3  | Noticed Mara
 32575 | Swamp:3  | Reached XP level 16. HP: 110/110 MP: 15/42
 32582 | Swamp:3  | Noticed Bai Suzhen
 32646 | Swamp:3  | Noticed Firecrotchwizard's illusion
 32651 | Swamp:3  | Killed Mara
 32822 | Swamp:3  | Found a runed translucent door.
 32823 | Swamp:3  | Found a shimmering altar of Xom.
 32823 | Swamp:3  | Noticed Zuvatino's ghost (adept MiFi)
 32823 | Swamp:3  | Identified the +9 great mace of Saltpetre {chaos, MP+9
                  | Int+2 Stlth+}
 33022 | Swamp:3  | Found a runed translucent door.
 33175 | Swamp:3  | Killed Bai Suzhen
 33543 | Swamp:4  | Entered Level 4 of the Swamp
 33548 | Swamp:4  | Noticed a thorn hunter
 33895 | Swamp:4  | Killed a thorn hunter
 34140 | Swamp:4  | Noticed a thorn hunter
 34159 | Swamp:4  | Killed a thorn hunter
 34516 | Swamp:4  | Noticed a thorn hunter
 34525 | Swamp:4  | Killed a thorn hunter
 35238 | Swamp:4  | Got a decaying rune of Zot
 35732 | Snake:1  | Entered Level 1 of the Snake Pit
 35732 | Snake:1  | Found Fyburph Ugets's Jewellery Shop.
 35904 | Snake:1  | Identified the +8 halberd of the Purse {venom, rElec rF+
                  | Int+6}
 35919 | Snake:1  | Noticed Frances
 36016 | Snake:1  | Killed Frances
 36560 | Snake:1  | Reached skill level 10 in Evocations
 36560 | Snake:1  | Reached XP level 17. HP: 115/115 MP: 36/44
 36560 | Snake:1  | Reached ***** piety under Ashenzari
 37238 | Snake:2  | Noticed Vashnia
 38006 | Snake:2  | Noticed Mlioglotl
 38323 | Snake:2  | Killed Vashnia
 38324 | Snake:2  | Reached skill level 15 in Earth Magic
 38451 | Snake:2  | Found Plog's Weapon Shop.
 39074 | Snake:2  | Killed Mlioglotl
 39352 | Snake:3  | Reached skill level 15 in Conjurations
 40297 | Snake:3  | Identified Roxanne's Information on Evolution
 40297 | Snake:3  | Noticed Roxanne
 40317 | Snake:3  | Killed Roxanne
 41036 | Snake:3  | Reached skill level 1 in Shields
 41047 | Snake:3  | Noticed Aizul
 41055 | Snake:3  | Killed Aizul
 41296 | Snake:4  | Entered Level 4 of the Snake Pit
 41597 | Snake:4  | Reached XP level 18. HP: 122/122 MP: 30/47
 42388 | Snake:4  | Got a serpentine rune of Zot
 42737 | Swamp:4  | Reached ****** piety under Ashenzari
 42745 | Swamp:4  | Learned a level 6 spell: Statue Form
 42974 | D:14     | Reached skill level 5 in Shields
 43079 | D:14     | Found an iron altar of Okawaru.
 43230 | D:14     | Identified the cursed +0 pair of gloves of the Distant
                  | Henotheism {Comp, Self} (You found it on level 9 of the
                  | Dungeon)
 43230 | D:14     | Identified the cursed +2 pair of boots "Unveiling
                  | Scepticism" {Bglg, Range} (You found it on level 5 of the
                  | Dungeon)
 43288 | D:14     | Found a gate to the Vaults.
 43786 | D:14     | Found a shadowy altar of Dithmenos.
 43968 | D:15     | Entered Level 15 of the Dungeon
 44128 | D:15     | Learned a level 2 spell: Blink
 44478 | D:15     | Identified the +7 trident of the Trees {speed, +Blink rCorr
                  | SInv Stlth-}
 44635 | D:15     | Found a portal to a secret trove of treasure.
 44697 | D:15     | Found a staircase to the Depths.
 44986 | D:15     | Found Vafori's Fire Supplies.
 44993 | D:15     | Bought a +2 pair of boots of fire resistance for 236 gold
                  | pieces
 45121 | D:15     | You paid a toll of 3 potions of resistance to enter a
                  | treasure trove
 45122 | Trove    | Entered a treasure trove
 45127 | Trove    | Identified the +4 morningstar of Tuyr {vamp, Will++ Int+2}
 45127 | Trove    | Identified the ring of Tuorph {AC+4 Dex+3}
 45127 | Trove    | Identified the ring "Keurphakh" {rPois rCorr Str+6 Dex+7}
 45127 | Trove    | Identified the +2 plate armour "Pozxisit" {Str+5}
 45127 | Trove    | Identified the -1 cloak "Xogh" {Str+2}
 45127 | Trove    | Identified the ring of the Duke {AC+4 Int+5}
 45206 | Depths:1 | Entered Level 1 of the Depths
 45756 | Depths:1 | Noticed a lich
 45761 | Depths:1 | Killed a lich
 45929 | Depths:1 | Noticed Louise
 45931 | Depths:1 | Found a one-way gate to the infinite horrors of the Abyss.
 45934 | Depths:1 | Killed Louise
 46383 | Depths:1 | Reached skill level 15 in Evocations
 46639 | Depths:1 | Identified the +2 long sword "Lal Siph" {flame, Int+2 SInv}
 46652 | Depths:1 | Noticed a golden dragon
 46707 | Depths:1 | Found a gateway to Hell.
 46869 | Depths:2 | Identified the +9 plate armour of the Ego {rF+ Str+4}
 47138 | Depths:2 | Reached XP level 19. HP: 93/128 MP: 22/49
 47383 | Vaults:1 | Entered Level 1 of the Vaults
 49212 | Vaults:1 | Upgraded the game from 0.30-a0-1008-g30c9307041 to
                  | 0.30-a0-1016-gfb0d676c02
 51346 | Vaults:2 | Reached XP level 20. HP: 137/137 MP: 23/51
 52571 | Vaults:3 | Found a staircase to the Crypt.
 53601 | Vaults:3 | Identified the amulet "Kemp" {RegenMP Rampage}
 54650 | Vaults:4 | Found a flickering gateway to a bazaar.
 54659 | Bazaar   | Entered a bazaar
 54659 | Bazaar   | Found Agozo's Armour Emporium.
 54659 | Bazaar   | Found Nubeobb's Magic Scroll Shoppe.
 54659 | Bazaar   | Found Zynwanai's Antique Weapon Shoppe.
 54659 | Bazaar   | Found Dufoing's Magic Scroll Emporium.
 54659 | Bazaar   | Found Ucreorph's Armour Emporium.
 54659 | Bazaar   | Found Erekemyhu's Antique Armour Shoppe.
 54712 | Bazaar   | Bought a +0 buckler of reflection for 102 gold pieces
 54718 | Bazaar   | Bought a scroll of acquirement for 624 gold pieces
 54718 | Bazaar   | Bought a scroll of vulnerability for 48 gold pieces
 54718 | Bazaar   | Bought a scroll of teleportation for 36 gold pieces
 54718 | Bazaar   | Acquired 1139 gold pieces
 54722 | Bazaar   | Bought a scroll of silence for 85 gold pieces
 54722 | Bazaar   | Bought a scroll of immolation for 36 gold pieces
 54722 | Bazaar   | Bought a scroll of poison for 36 gold pieces
 54722 | Bazaar   | Bought a scroll of blinking for 67 gold pieces
 54722 | Bazaar   | Bought a scroll of teleportation for 27 gold pieces
 54722 | Bazaar   | Bought a scroll of vulnerability for 36 gold pieces
 54722 | Bazaar   | Bought a scroll of fear for 36 gold pieces
 54840 | Vaults:4 | Found Quathis's Magic Scroll Shoppe.
 54850 | Vaults:4 | Bought a scroll of immolation for 48 gold pieces
 54850 | Vaults:4 | Bought a scroll of enchant armour for 90 gold pieces
 54850 | Vaults:4 | Bought a scroll of poison for 48 gold pieces
 54850 | Vaults:4 | Bought a scroll of vulnerability for 48 gold pieces
 54864 | Vaults:4 | Found Runk's Book Boutique.
 55878 | Vaults:4 | Noticed Donald
 55886 | Vaults:4 | Killed Donald
 55887 | Vaults:4 | Reached XP level 21. HP: 134/143 MP: 39/51
 55965 | Vaults:4 | Found Muizyopa's Weapon Boutique.
 56013 | Vaults:4 | Found Joemagee's Jewellery Shoppe.
 56166 | Vaults:4 | Found Meromite's Weapon Shoppe.
 56284 | Vaults:4 | Identified the +2 falchion of the Shining Light {freeze,
                  | rF++ Will- MP+9 Str+3}
 58027 | Depths:2 | Found Wotelooxi's Self-Improvement Boutique.
 58125 | Depths:2 | Bought a manual of Dodging for 1760 gold pieces
 58288 | Depths:2 | Gained mutation: You are frail. (-10% HP) [a neqoxec]
 58361 | Depths:2 | Found a one-way gate leading to the halls of Pandemonium.
 58378 | Depths:2 | Gained mutation: You occasionally lose the ability to drink
                  | potions when taking damage. [a neqoxec]
 58379 | Depths:2 | Gained mutation: Potions are less effective at restoring
                  | your health. [a neqoxec]
 58384 | Depths:2 | Lost mutation: Potions are less effective at restoring your
                  | health. [potion of mutation]
 58384 | Depths:2 | Lost mutation: You occasionally lose the ability to drink
                  | potions when taking damage. [potion of mutation]
 58384 | Depths:2 | Gained mutation: Your mind is acute. (Int +4, Str/Dex -1)
                  | [potion of mutation]
 58384 | Depths:2 | Gained mutation: Your mind is very acute. (Int +8, Str/Dex
                  | -2) [potion of mutation]
 58877 | Depths:3 | Noticed a golden dragon
 58883 | Depths:3 | Killed a golden dragon
 58889 | Depths:3 | Noticed a golden dragon
 59034 | Depths:3 | Noticed Sojobo
 59037 | Depths:2 | Killed a golden dragon
 59755 | Depths:3 | Paralysed by a floating eye for 3 turns
 59850 | Depths:3 | Killed Sojobo
 59959 | Depths:3 | Noticed Xtahua
 60038 | Depths:3 | Identified the +0 pair of boots of Hiosar {-Cast rElec rC+
                  | Str+2}
 60585 | Depths:3 | Noticed a golden dragon
 60586 | Depths:3 | Killed a golden dragon
 60791 | Depths:3 | Paralysed by a vampire knight for 4 turns
 61718 | Depths:3 | Killed Xtahua
 62198 | Depths:3 | Reached XP level 22. HP: 136/136 MP: 46/52
 62254 | Depths:3 | Noticed a juggernaut
 62254 | Depths:3 | Noticed Frederick
 62254 | Depths:3 | Identified the +7 falchion of the Apocalypse {vamp, *Noise
                  | rN+ SInv}
 62301 | Depths:3 | Noticed a golden dragon
 62303 | Depths:3 | Killed a golden dragon
 62377 | Depths:3 | Killed a juggernaut
 62474 | Depths:3 | Killed Frederick
 62733 | Depths:4 | Entered Level 4 of the Depths
 62823 | Depths:4 | Found a one-way gateway to a ziggurat.
 63379 | Depths:4 | Found a gate to the Realm of Zot.
 63934 | Depths:4 | Found a broken altar of Ashenzari.
 64677 | Elf:1    | Entered Level 1 of the Elven Halls
 65431 | Elf:1    | Found a gateway to a bazaar.
 66512 | Elf:2    | Found a runed translucent gate.
 66514 | Elf:2    | Found a runed translucent gate.
 66518 | Elf:2    | Found a runed translucent gate.
 66666 | Elf:2    | HP: 2/178 [deep elf knight/shard of ice (17)]
 66785 | Elf:2    | Reached skill level 15 in Fighting
 67266 | Elf:3    | Entered Level 3 of the Elven Halls
 67401 | Elf:3    | Found Lalivume's Book Shop.
 67403 | Elf:3    | Found Exetiph's Antique Armour Boutique.
 67403 | Elf:3    | Found Henyh's Jewellery Shop.
 67406 | Elf:3    | Found Tauzuec's Antique Armour Boutique.
 67440 | Elf:3    | Reached XP level 23. HP: 146/146 MP: 47/54
 67713 | Elf:3    | Identified the +4 hand axe of the Aged Olives {speed, rCorr
                  | Str-3 Dex+3 Stlth+}
 67713 | Elf:3    | Identified the +1 robe of Saceufam {rC+}
 67719 | Elf:3    | Identified the +9 spear "Haopnef" {protect, Will+ rCorr}
 67853 | Elf:3    | Identified the staff of cold "Zatecot" {Drain rC+ Int+6}
 67909 | Elf:3    | Identified the staff of air "Oluofyti" {rElec rPois}
 67913 | Elf:3    | Identified the Cyclopedia of Ignition
 68048 | Elf:3    | Identified the +4 short sword of Malaise {venom, Will++}
 68360 | Elf:3    | Found Ebbuih's General Store.
 68365 | Elf:3    | Bought a potion of curing for 51 gold pieces
 68365 | Elf:3    | Bought a scroll of poison for 68 gold pieces
 68365 | Elf:3    | Bought a scroll of fear for 68 gold pieces
 68365 | Elf:3    | Bought 2 scrolls of silence for 323 gold pieces
 68384 | Elf:3    | Found Apleacos's Book Shoppe.
 68392 | Elf:3    | Bought the Directory of Blasphemous Ceremonies and Illusion
                  | for 242 gold pieces
 68392 | Elf:3    | Bought a Fen Folio for 462 gold pieces
 68392 | Elf:3    | Bought the Enchiridion on the Mausoleum for 352 gold pieces
 68929 | Vaults:5 | Entered Level 5 of the Vaults
 68985 | Vaults:5 | Noticed an ancient lich
 69399 | Vaults:4 | Upgraded the game from 0.30-a0-1016-gfb0d676c02 to
                  | 0.30-a0-1018-g25214051b3
 69624 | Vaults:5 | Noticed an ancient lich
 70083 | Vaults:4 | Killed an ancient lich
 70102 | Vaults:5 | Noticed Saint Roka
 70102 | Vaults:5 | Identified the staff of air "Detotar" {rElec Str+3 Dex+5
                  | Stlth+}
 70109 | Vaults:4 | Killed Saint Roka
 70274 | Vaults:4 | Killed an ancient lich
 71367 | Vaults:5 | Reached XP level 24. HP: 154/154 MP: 32/54
 71436 | Vaults:5 | Noticed an ancient lich
 71441 | Vaults:5 | Killed an ancient lich
 72172 | Vaults:5 | Identified the +3 dagger of Xuishu {drain, Will+ Dex+3}
 72212 | Vaults:5 | Learned a level 9 spell: Shatter
 72329 | Vaults:5 | Identified the Spellbook of Intoxication
 72578 | Vaults:5 | Identified the Omnibus of the Crypt
 72598 | Vaults:5 | Got a silver rune of Zot
 72665 | Vaults:5 | Identified the +0 buckler of the Heron {Harm rElec Int-5
                  | SInv}
 73092 | Zot:1    | Entered Level 1 of the Realm of Zot
 73096 | Zot:1    | Found the +4 dragonskin cloak
 73096 | Zot:1    | Noticed Tiamat
 73183 | Depths:4 | Upgraded the game from 0.30-a0-1018-g25214051b3 to
                  | 0.30-a0-1035-g38d5fb2972
 73721 | Zot:1    | Killed Tiamat
 75679 | Zot:2    | Reached XP level 25. HP: 150/157 MP: 9/53
 75899 | Zot:2    | Identified the +5 mace of Witteyst {heavy, +Blink rN+
                  | Str-4}
 77175 | Zot:2    | Acquired 686 gold pieces
 79794 | Zot:5    | Entered Level 5 of the Realm of Zot
 80702 | Zot:5    | Noticed an ancient lich
 80707 | Zot:5    | Killed an ancient lich
 80712 | Zot:5    | Noticed an ancient lich
 81094 | Zot:5    | Killed an ancient lich
 81094 | Zot:5    | Noticed an ancient lich
 81095 | Zot:5    | Noticed a Killer Klown
 81098 | Zot:5    | Noticed a Killer Klown
 81099 | Zot:5    | Killed an ancient lich
 81115 | Zot:5    | Killed a Killer Klown
 81116 | Zot:5    | Killed a Killer Klown
 81359 | Zot:5    | Noticed a dread lich
 81361 | Zot:5    | Noticed an orb of fire
 81365 | Zot:5    | Killed an orb of fire
 81367 | Zot:5    | Killed a dread lich
 81368 | Zot:5    | Noticed a Killer Klown
 81376 | Zot:5    | Killed a Killer Klown
 81414 | Zot:5    | Noticed an orb of fire
 81417 | Zot:5    | Killed an orb of fire
 81418 | Zot:5    | Reached XP level 26. HP: 150/171 MP: 12/54
 81418 | Zot:5    | Noticed an orb of fire
 81427 | Zot:5    | Reached skill level 10 in Shields
 81432 | Zot:5    | Killed an orb of fire
 81687 | Zot:5    | Noticed an ancient lich
 81690 | Zot:5    | Killed an ancient lich
 81903 | Zot:5    | Noticed an ancient lich
 81908 | Zot:5    | Killed an ancient lich
 82630 | Zot:5    | Noticed an ancient lich
 82635 | Zot:5    | Killed an ancient lich
 83800 | Zot:5    | Noticed an ancient lich
 83805 | Zot:5    | Killed an ancient lich
 84516 | Zot:5    | Got the Orb of Zot
 84926 | D:10     | Learned a level 2 spell: Passwall
 84936 | D:9      | Noticed Luewohuz the pandemonium lord
 85151 | D:1      | Noticed Zemah the pandemonium lord
 85169 | D:$      | Escaped with the Orb!

Illustrated notes

Levels and vault maps discovered:
D:1:      dpeg_arrival_concentric_ovals, layout_rooms, basic_ecumenical_altar,
          chequers_serial_rivers_marsh, corexii_item_surrounded_by_moat
D:2:      layout_loops_ring, dreamdust_wishing_well,
          minmay_misc_feat_nine_boxes, minmay_crystal_water, uniq_sigmund
D:3:      layout_basic, nicolae_overflow_crystal_walls, serial_shops,
          nicolae_shop_stone, minmay_misc_feat_alley, chequers_avenue,
          minmay_misc_feat_hallway, small_statue_intersection,
          serial_bayou_pond_d, minmay_misc_feat_roman, uniq_robin, uniq_grinder
D:4:      layout_rooms, lemuel_doored_altar, kennysheep_mini_moat,
          minmay_temple_entry_overgrown
D:5:      layout_cave_pods, tso_metal_star, nicolae_ru_great_annihilating_truth,
          mainiacjoe_overflow_six_doors_small, slow_altar_1
D:6:      layout_rooms, nicolae_ossuary_entry_giza, grunt_decor_cap,
          uniq_eustachio
D:7:      layout_cave_pods, mainiacjoe_overflow_cross_hatched,
          lemuel_tele_altar, uniq_joseph
D:8:      layout_cave_pools, grunt_qazlal_clouds,
          hangedman_abyss_or_decor_lesser_grid, kb_lookout_dungeons_type,
          minmay_crossroads
D:9:      layout_gridville, mainiacjoe_overflow_paths, minivault_7
D:10:     layout_basic, dpeg_lair_monsters, serial_co_window_serial,
          co_window_paths_b, co_window_cross_1, co_window_cross_1,
          co_window_paths_a, co_window_corner_a, co_window_paths_c,
          co_window_2corner, co_window_2corner, co_window_paths_e,
          glass_columns_a, glass_columns_b, glass_columns_b, glass_columns_a,
          glass_columns_b, enter_bailey_5, minivault_23
D:11:     layout_small_grid, zombieorc2_lemuel, abandoned_shop
D:12:     layout_basic, amcnicky_mini_pool_medium
D:13:     layout_irregular_city
D:14:     layout_basic, lightli_vaults_fourway_checkpoint,
          grunt_dithmenos_shadows, okawaru_gym_becter
D:15:     hangedman_depths_entry_try_elsewhere_first, layout_basic,
          nicolae_trove_entry_crystal, nicolae_wwwww, nicolae_sextant,
          hangedman_decor_peaks_small, nicolae_shop_fire_sale
          [nicolae_sub_dead_trees]
Temple:   hellmonk_temple_of_storms
Lair:1:   layout_chaotic_city, uniq_nergalle
Lair:2:   layout_regular_city, nicolae_snake_entry_squirm, st_stairs_11
Lair:3:   nzn_winding_woodlands_stair_cross [nzn_winding_woodlands_5x15_garden,
          nzn_winding_woodlands_center_triple_pond,
          nzn_winding_woodlands_5x15_pockets,
          nzn_winding_woodlands_5x5_open_star,
          nzn_winding_woodlands_5x5_closed_star,
          nzn_winding_woodlands_5x15_twine,
          nzn_winding_woodlands_center_diamonds,
          nzn_winding_woodlands_5x15_default], layout_cave_pods,
          minmay_swamp_entry_worms, beast_lair_carwin_1
Lair:4:   layout_roguey, gauntlet_entry_generic
Lair:5:   hangedman_lair_tendril_chambers, layout_hall_layers,
          hangedman_lair_caniforms_friends, nicolae_slime_entry_field_trip,
          dreamdust_gnoll_shepherd
Swamp:1:  layout_falls_marsh, evilmike_swamp_ruin_house_5, swamp_pool4,
          nicolae_swamp_dragon_and_kin
Swamp:2:  layout_basic_swamp, evilmike_swamp_ruin_house_1
Swamp:3:  layout_basic_swamp, ebering_ghost_xom, evilmike_swamp_ruin_rubble_1,
          swamp_pool5, nzn_swamp_weyward_sisters, uniq_mara, uniq_bai_suzhen
Swamp:4:  swamp_basic_johnstein, layout_basic_swamp
Snake:1:  layout_basic, serial_shops, nicolae_diamond_shop, st_stairs_10,
          grunt_megastairs_4, uniq_frances
Snake:2:  layout_grid_shapes, serial_shops, nicolae_shop_hallway_stairs,
          grunt_megastairs_5, uniq_vashnia, uniq_mlioglotl
Snake:3:  layout_basic, drop_trap, serial_bayou_shore_b, uniq_aizul,
          uniq_roxanne
Snake:4:  grunt_snake_rune_pools, layout_onion_interference
Orc:1:    layout_diamond_mine, serial_shops, nicolae_shop_bloodbath_and_beyond,
          basic_altar, uniq_josephine
Orc:2:    grunt_orc_community_town_hall, layout_caves,
          grunt_orc_community_big_house_2, grunt_orc_community_big_house_2,
          grunt_orc_community_house_1, grunt_orc_community_house_3,
          grunt_orc_community_house_2, grunt_orc_community_house_1,
          portal_ice_cave_rime
Elf:1:    minmay_elf_arrival_summoners, layout_rooms, serial_shops,
          bzr_entry_safe, hangedman_elf_represent
Elf:2:    elven_hall_of_blades_hangedman_original
          [nicolae_vaults_blade_armed_guards], layout_geoelf_grid
Elf:3:    grunt_elf_hall_diamonds, layout_geoelf_diagonals, serial_shops, shop,
          nicolae_shop_crystal, minmay_shoptagon
Vaults:1: hangedman_vaults_unwind, ontoclasm_vaults_decontamination,
          nicolae_vaults_little_squares_3, ontoclasm_vaults_gateway,
          nicolae_vaults_big_ls, nicolae_vaults_ring_of_whatevers,
          vaults_room_pool, nicolae_vaults_network_star,
          hangedman_vaults_corner_blocks, v_alt_pattern_3, hangedman_vaults_hat,
          ontoclasm_vaults_hangar, v_misc_19, layout_vaults_omnibox
Vaults:2: v_rooms_1, vaults_room_grunt_arrival_checkpoint,
          nicolae_vaults_c_with_doors, nicolae_vaults_shelves_hall, v_misc_27,
          vaults_room_door_hall, nicolae_vaults_sealed_display, v_pattern_5,
          vaults_room_pools, ontoclasm_vaults_fault, v_misc_23,
          layout_vaults_ring
Vaults:3: ontoclasm_vaults_ring_large, st_quartered_hall,
          nicolae_vaults_yaktaur_gun_rack, v_pattern_2,
          nicolae_vaults_windows_and_doors_thing, grunt_vaults_diagonal,
          minmay_crypt_entry_nasty_monster, v_misc_10,
          nicolae_vaults_little_squares_5, vaults_room_stairs_pillars,
          layout_vaults_chaotic_city
Vaults:4: mu_enter_wizlab_2, ontoclasm_vaults_shuriken,
          nicolae_vaults_rhombus_7, nicolae_vaults_little_squares_3,
          ontoclasm_vaults_tryst, st_star, vaults_room_mumra_shop_pool,
          grunt_vaults_bifocal, ontoclasm_vaults_misaligned,
          nicolae_vaults_little_squares_2, v_misc_8,
          vaults_mumra_minichess_inversion, layout_vaults_big_cross,
          serial_shops, bzr_firewalk, shop_scrolls,
          nicolae_shop_advertising_works [nicolae_subvault_shop_adworks], shop,
          nicolae_shop_behind_doors, uniq_donald
Vaults:5: uniq_saint_roka
Depths:1: layout_long_grid, pf_coc_iceberg, grunt_decor_clamped,
          nicolae_abyss_entry_one_way_or_another, grunt_decor_mini_mirrors,
          minivault_12
Depths:2: kennysheep_cluttered_fort, layout_cave_pools, abyss_entry,
          grunt_pan_entry_sceptre, hell_entry, nicolae_shop_self_help
Depths:3: kennysheep_snake, layout_cross, marbit_kobold_abyss_entry,
          lightli_too_deep, infiniplex_staircase_pool_1, uniq_xtahua,
          uniq_josephina, uniq_frederick, uniq_sojobo
Depths:4: grunt_zot_entry_funnels, layout_gridlike, enter_ziggurat_a,
          hangedman_tar_grid_catacomb, nrook_mini_vaults, ashenzari_altar_1
Zot:1:    layout_misc_corridors, uniq_tiamat
Zot:2:    ebering_greatest_show_in_zot, layout_onion_interference,
          st_single_dragon_hoard_1
Zot:3:    kennysheep_blocky_hall, layout_cellular_growth
Zot:4:    kennysheep_ambush_hall, layout_basic, grunt_megastairs_3
Zot:5:    layout_cellular_growth

Skill      XL: |  1  2  3  4  5  6  7  8  9 10 11 12 13 14 15 16 17 18 19 20 21 22 23 24 25 26 |
---------------+-------------------------------------------------------------------------------+-----
Spellcasting   | 4 5 6 8 10 13 15 16 17 18 | 18.6
Conjurations   | 5 6 7 8 10 11 12 13 14 15 17 19 20 21 22 23 24 | 24.5
Hexes          | 1 2 3 4 5 |  5.0
Translocations | 1 2 3 4 |  4.1
Fighting       | 1 4 6 9 10 11 13 14 15 16 17 18 19 | 19.8
Dodging        | 3 6 10 13 14 15 17 19 21 23 24 | 24.3
Stealth        | 3 7 |  7.1
Evocations     | 4 5 8 10 12 15 17 18 19 21 22 23 | 23.4
Earth Magic    | 2 8 12 14 16 | 16.0
Shields        | 3 5 9 11 | 11.7

Action                     |  1- 3 |  4- 6 |  7- 9 | 10-12 | 13-15 | 16-18 | 19-21 | 22-24 | 25-27 || total
---------------------------+-------+-------+-------+-------+-------+-------+-------+-------+-------++-------
  Melee: Short sword       |    26 |    15 |    55 |    61 |       |       |       |       |       ||   157
         Punch             |       |       |     1 |     1 |     2 |     7 |       |       |       ||    11
         Dagger            |       |       |       |   148 |    84 |       |       |       |       ||   232
         Staff             |       |       |       |       |   189 |   398 |   445 |   526 |   260 ||  1818
   Cast: Magic Dart        |    66 |    75 |    32 |    89 |   343 |    50 |    13 |       |     4 ||   672
         Searing Ray       |     2 |     8 |    27 |    42 |   154 |    33 |     3 |     1 |     3 ||   273
         Fulminant Prism   |       |       |    34 |   110 |   303 |   296 |   119 |    60 |    21 ||   943
         Iskenderun's Myst |       |       |       |       |    26 |    39 |    47 |    12 |     1 ||   125
         Apportation       |       |       |       |       |     3 |       |       |       |       ||     3
         Freezing Cloud    |       |       |       |       |     7 |    35 |     3 |     2 |       ||    47
         Flame Wave        |       |       |       |       |     3 |     7 |     4 |     1 |       ||    15
         Lehudib's Crystal |       |       |       |       |       |    35 |   232 |   277 |   128 ||   672
         Statue Form       |       |       |       |       |       |     6 |     3 |     1 |       ||    10
         Shatter           |       |       |       |       |       |       |       |    14 |     8 ||    22
         Passwall          |       |       |       |       |       |       |       |       |     1 ||     1
 Invoke: Curse Item        |       |       |     2 |     3 |     3 |     4 |     2 |     1 |     1 ||    16
         Shatter the Chain |       |       |       |       |     1 |     3 |     1 |     1 |       ||     6
  Evoke: Lightning rod     |       |       |       |       |     1 |     2 |       |     1 |       ||     4
         Wand              |       |       |       |       |       |    13 |     4 |       |     5 ||    22
         Box of beasts     |       |       |       |       |       |     1 |       |       |     1 ||     2
         Condenser vane    |       |       |       |       |       |     2 |     1 |     1 |     1 ||     5
         Tin of tremorston |       |       |       |       |       |       |       |     1 |       ||     1
         Phantom mirror    |       |       |       |       |       |       |       |       |     2 ||     2
    Use: Scroll            |       |       |     8 |       |     4 |     3 |    10 |     2 |     7 ||    34
         Potion            |       |       |       |       |     1 |     4 |     2 |     7 |     8 ||    22
   Stab: Sleeping          |     1 |       |       |       |     2 |       |     2 |     2 |     6 ||    13
         Distracted        |       |       |       |       |       |     2 |     1 |     7 |     3 ||    13
 Armour: Robe              |     4 |       |    18 |    32 |    68 |    86 |   105 |   118 |    64 ||   495
         Skin              |       |       |       |       |       |    90 |    17 |    12 |       ||   119
  Dodge: Dodged            |    15 |    16 |   106 |   338 |   718 |   874 |   764 |   964 |   445 ||  4240
  Block: Buckler           |       |       |       |       |       |    90 |   297 |   460 |   184 ||  1031
         Reflection        |       |       |       |       |       |       |     6 |    54 |     1 ||    61

Table legend: (Time is in decaauts)
 A = Elapsed time spent in this place.
 B = Non-inter-level travel time spent in this place.
 C = Inter-level travel time spent in this place.
 D = Time resting spent in this place.
 E = Time spent auto-exploring this place.
 F = Levels seen in this place.
 G = Mean time per level.
                   A        B        C        D        E       F      G
               +--------+--------+--------+--------+--------+-----+--------+
         Total |  86395 |  80677 |   5718 |  33315 |  34019 |  51 | 1694.0 |
       Dungeon |  20115 |  18007 |   2108 |   5000 |  10352 |  15 | 1341.0 |
        Temple |     10 |      5 |      5 |      0 |      0 |   1 |   10.0 |
          Lair |  10940 |  10214 |    726 |   4859 |   3930 |   5 | 2188.0 |
         Swamp |   5869 |   5494 |    375 |   2346 |   2116 |   4 | 1467.2 |
     Snake Pit |   6534 |   5965 |    569 |   2696 |   2051 |   4 | 1633.5 |
  Orcish Mines |   2801 |   2631 |    170 |   1011 |   1016 |   2 | 1400.5 |
   Elven Halls |   4067 |   3901 |    166 |    993 |   1886 |   3 | 1355.7 |
        Vaults |  14016 |  13351 |    665 |   5583 |   5480 |   5 | 2803.2 |
        Depths |  11267 |  10531 |    736 |   5926 |   3168 |   4 | 2816.8 |
           Zot |  10291 |  10098 |    193 |   4771 |   3812 |   5 | 2058.2 |
        Bazaar |    115 |    115 |      0 |      0 |     71 |   1 |  115.0 |
         Trove |     45 |     45 |      0 |      0 |     24 |   1 |   45.0 |
       Ossuary |    318 |    318 |      0 |    128 |    109 |   1 |  318.0 |
               +--------+--------+--------+--------+--------+-----+--------+

Top non-repeatable levels by time:
   Zot:5: 4799 daAuts
Vaults:4: 4742 daAuts
Depths:3: 3685 daAuts
  Lair:5: 3535 daAuts
Depths:4: 3184 daAuts
Depths:1: 2935 daAuts
Vaults:2: 2613 daAuts
Vaults:3: 2543 daAuts
  Lair:3: 2488 daAuts
 Snake:3: 2364 daAuts
Vaults:1: 2285 daAuts
 Swamp:4: 2067 daAuts
    D:11: 1953 daAuts
   Orc:2: 1931 daAuts
  Lair:2: 1895 daAuts
